 Dungeon Crawl Stone Soup version 0.31-a0-879-g1609e0ac53 (webtiles) character file.

Game seed: 17855634367962993016

36316 lastchild the Metamorph (level 13, 0/104 HPs)
             Began as an Octopode Shapeshifter on Oct 14, 2023.
             Was a High Priest of Wu Jian.
             Slain by a death yak (3 damage)
             ... on level 3 of the Lair of Beasts.
             The game lasted 01:09:00 (20662 turns).

lastchild the Metamorph (Octopode Shapeshifter)    Turns: 20662, Time: 01:09:01

Health: 0/104      AC: 16    Str: 18    XL:     13   Next: 89%
Magic:  16/16      EV: 14    Int: 14    God:    Wu Jian [*****.]
Gold:   298        SH:  0    Dex: 15    Spells: 14/16 levels left

rFire   . .          .
                       - Unarmed
rCold   + . .        (shield currently unavailable)
rNeg    . . .        F - melded +0 hat
rPois   .            w - amulet of the acrobat
rElec   .            k - +4 ring of protection
rCorr   .            H - ring of protection from cold
SInv    +            I - ring of see invisible
Will    .....        (no ring)
Stlth   +            (no ring)
HPRegen 0.37/turn    (no ring)
MPRegen 0.15/turn    (no ring)
                     (no ring)

%: acrobat
@: snake-form
A: constrict, boosted hp, almost no armour, amphibious, 8 rings, large,
(camouflage 1), (gelatinous body 1), (nimble swimmer 1), (tentacles)
a: Begin Untransformation, Renounce Religion, Wall Jump, Serpent's Lash,
Heavenly Storm


You were on level 3 of the Lair of Beasts.
You worshipped Wu Jian.
Wu Jian was extremely pleased with you.
You were an enormous anaconda.
You visited 3 branches of the dungeon, and saw 16 of its levels.
You also visited: Ossuary and Volcano.

You collected 948 gold pieces.
You spent 650 gold pieces at shops.

Inventory:

Hand Weapons
 z - a +3 quarterstaff of flaming
Missiles
 u - 6 javelins
 E - 8 boomerangs (quivered)
 G - 16 poisoned darts
 J - a throwing net
 N - 6 darts of dispersal
Armour
 F - a +0 hat (melded)
Jewellery
 k - a +4 ring of protection (left tentacle)
 w - an amulet of the acrobat (around neck)
 x - a ring of fire
 B - a ring of fire
 H - a ring of protection from cold (right tentacle)
 I - a ring of see invisible (on tentacle)
 M - an amulet of regeneration
 P - a ring of protection from cold
Talismans
 b - a beast talisman
 c - a flux talisman
 C - a serpent talisman (active)
Wands
 q - a wand of charming (8)
 y - a wand of flame (28)
 D - a wand of roots (8)
Scrolls
 e - 2 scrolls of revelation
 g - 4 scrolls of vulnerability
 i - 5 scrolls of teleportation
 j - a scroll of blinking
 m - 5 scrolls of poison
 n - 5 scrolls of enchant armour
 o - 2 scrolls of summoning
 p - 3 scrolls of immolation
 r - 5 scrolls of enchant weapon
 s - a scroll of amnesia
 A - 2 scrolls of brand weapon
 K - a scroll of torment
 L - a scroll of fear
 O - 4 scrolls of identify
Potions
 a - 2 potions of lignification
 d - 3 potions of attraction
 f - 2 potions of enlightenment
 h - 5 potions of curing
 l - a potion of magic
 t - 2 potions of haste
 v - 2 potions of might


   Skills:
 + Level 7.6 Fighting
 + Level 9.8 Dodging
 + Level 11.4 Unarmed Combat
 - Level 2.0 Spellcasting
 - Level 4.0 Transmutations
 * Level 15.3 Shapeshifting


You had 14 spell levels left.
You knew the following spells:

 Your Spells              Type           Power      Damage    Failure   Level
a - Wereblood             Tmut           12%        N/A       7%          2

Your spell library contained the following spells:

 Spells                   Type           Power      Damage    Failure   Level
 Passwall                 Tmut/Erth      5%         N/A       16%         2
 Ensorcelled Hibernation  Hex/Ice        2%         N/A       34%         2
 Lesser Beckoning         Tloc           2%         N/A       34%         2
 Sublimation of Blood     Necr           1%         N/A       34%         2
 Call Canine Familiar     Summ           1%         N/A       56%         3
 Gell's Gravitas          Tloc           1%         N/A       56%         3
 Inner Flame              Hex/Fire       1%         N/A       56%         3
 Sigil of Binding         Hex            1%         N/A       56%         3
 Swiftness                Air            1%         N/A       56%         3
 Teleport Other           Tloc           1%         N/A       56%         3
 Petrify                  Tmut/Erth      7%         N/A       71%         4
 Dimensional Bullseye     Hex/Tloc       0%         N/A       93%         4
 Flame Wave               Conj/Fire      1%         2d4       93%         4
 Leda's Liquefaction      Hex/Erth       0%         N/A       93%         4
 Sticky Flame             Conj/Fire      1%         2d3       93%         4
 Irradiate                Conj/Tmut      3%         3d12      96%         5
 Summon Hydra             Summ           0%         N/A       100%        7


Dungeon Overview and Level Annotations

Branches:
Dungeon (11/15)            Temple (1/1) D:5            Lair (4/5) D:8
 Shoals (0/4) Lair:2        Snake (0/4) Lair:3      Ossuary (visited)
Volcano (visited)
  Slime: Lair:4-5       Orc: D:9-12

Altars:
Ashenzari
Cheibriados
Dithmenos
Elyvilon
Fedhas
Gozag
Hepliaklqana
Kikubaaqudgha
Makhleb
Nemelex Xobeh
Okawaru
Qazlal
Ru
Sif Muna
Trog
Uskayaw
Vehumet
Wu Jian
Xom
Yredelemnul
Zin
The Shining One

Shops:
D:1 ?[*=   D:2 [   D:7 ==?[(

Portals:
Abyss: D:10
Trove: D:10 (give 6 potions of haste)

Annotations:
D:10 2 transporters, gruber's ghost, journeyman DgCj


Innate Abilities, Weirdness & Mutations

You are an enormous anaconda.
You have a powerful constriction melee attack.
Your maximum health is increased.
Your armour is entirely melded.
You are incapable of wielding weapons or throwing items.
You cannot wear most types of armour.
You are amphibious.
You can wear up to eight rings at the same time.
((Your skin changes colour to match your surroundings (Stealth+).))
((Your rubbery body absorbs attacks. (AC +1, EV +1)))
((You are camouflaged when in or above water. (Stealth+)))
((You have tentacles for arms and can constrict up to eight enemies at once.))


Message History

The death yak attacks as it pursues you!
The death yak misses you.
The death yak attacks as it pursues you!
The death yak gores you.
* * * LOW HITPOINT WARNING * * *
The death yak attacks as it pursues you!
The death yak completely misses you.
A blink frog comes into view.
The blink frog croaks.
The blink frog blinks!
A blink frog comes into view.
The death yak attacks as it pursues you!
The death yak barely misses you.
The blink frog blinks!
The blink frog croaks.
The blink frog attacks as it pursues you!
The blink frog hits you but does no damage.
There is a stone staircase leading up, spattered with blood here.
The blink frog blinks! x2
You climb upwards.
There is a stone staircase leading down, spattered with blood here.
The death yak attacks as it pursues you!
The death yak closely misses you.
You hit the death yak. You grab the death yak.
The death yak is lightly wounded.
You constrict the death yak, but do no damage.
The death yak closely misses you.
You body-slam the death yak!!
The death yak is moderately wounded.
You constrict the death yak. The death yak barely misses you.
You body-slam the death yak!!
The death yak is heavily wounded.
You constrict the death yak. You hit the death yak.
The death yak is severely wounded.
You constrict the death yak. The death yak gores you!
* * * LOW HITPOINT WARNING * * *
You lash the death yak!
The death yak is almost dead.
You constrict the death yak! The death yak gores you.
You die...

##....##.###.................#..
##.....## ##.............######
#.......####.......>.....# #
##.....###...............# #
####..##.<##.......###.....# #
#.#...##...##......# #.....# ##
.#....#......:....#####....###
#.
..................##.P.......#
##
.=......#.......SY..........## #
...P..#####...###..........##
......# #.)..# #.#......###
......# #...## ##....P###
.....## #...# #....### #...#.#
###.# #..### ##....# ### ####
##...P# .##...#


You could see a death yak.

Vanquished Creatures
  A stone giant (Volcano)
  A hydra (Lair:2)
  Erolcha (D:9)
  2 catoblepae (Lair:3)
  3 death yaks (Lair:3)
  2 skysharks
  An oklob plant (Lair:2)
  A manticore (D:11)
  The ghost of WhatIsLove the Magician, a novice DjVM (D:6)
  15 elephants
  4 black mambas
  A water nymph (Lair:2)
  A molten gargoyle (Volcano)
  2 gargoyles (Volcano)
  6 cane toads
  3 rime drakes
  5 komodo dragons
  Psyche (D:9)
  An efreet (Volcano)
  An unseen horror (D:8)
  2 trolls
  A hornet (Lair:4)
  Prince Ribbit (D:6)
  A blink frog (Lair:3)
  A polar bear (Lair:3)
  4 wyverns
  Eustachio (D:4)
  2 basilisks
  35 yaks
  5 fire bats (Volcano)
  A steam dragon (D:10)
  A fire elemental (Volcano)
  Grum (D:9)
  2 vampire mosquitoes (D:10)
  The ghost of Pi314 the Cutter, an amateur KoBr (D:3)
  2 acid dragons (D:10)
  19 water moccasins
  An orc warrior (D:6)
  A sky beast (D:6)
  2 black bears (D:8)
  2 ice beasts
  5 ogres
  11 wolves
  2 centaurs
  2 phantoms
  A kobold brigand (D:10)
  17 bullfrogs
  A gnoll sergeant (D:6)
  2 earth elementals (Volcano)
  8 water moccasin zombies (Ossuary)
  3 scorpions
  10 wights
  A wyvern skeleton (D:6)
  7 killer bees (D:9)
  4 electric eels
  5 lava snakes (Volcano)
  5 hounds
  3 orc priests
  2 gnoll boudas
  A sleepcap (D:6)
  5 iguanas
  10 orc wizards
  A killer bee zombie (D:6)
  2 mummies (Ossuary)
  A howler monkey zombie (D:6)
  11 gnolls
  6 adders
  2 shadow imps
  A white imp (D:5)
  2 ufetubi (D:5)
  5 adder zombies (Ossuary)
  A worm (D:5)
  4 dart slugs
  35 orcs
  5 bats
  7 endoplasms
  4 giant cockroaches
  10 goblins
  10 hobgoblins
  10 jackals
  3 quokkas (D:1)
  5 ball pythons
  8 frilled lizards
  4 gnoll zombies (Ossuary)
  5 hobgoblin zombies (Ossuary)
  6 kobolds
  2 kobold zombies (Ossuary)
  6 orc zombies (Ossuary)
  4 rats
404 creatures vanquished.

Vanquished Creatures (others)
  2 gnolls (D:10)
2 creatures vanquished.

Grand Total: 406 creatures vanquished

Notes
Turn   | Place    | Note
-------+----------+-------------------------------------------
     0 | D:1      | lastchild the Octopode Shapeshifter began the quest for the
                  | Orb.
     0 | D:1      | Reached XP level 1. HP: 13/13 MP: 1/1
   115 | D:1      | Found a faded altar of an unknown god.
   141 | D:1      | Reached XP level 2. HP: 18/18 MP: 2/2
   155 | D:1      | Found Dotsett's Assorted Antiques.
   227 | D:1      | Found Moegenu's Armour Boutique.
   230 | D:1      | Found Teigohiped's Magic Scroll Shop.
   315 | D:1      | Reached XP level 3. HP: 23/23 MP: 3/3
   411 | D:1      | Found Pyadel's Jewellery Emporium.
   872 | D:2      | Reached XP level 4. HP: 24/29 MP: 4/4
  1099 | D:2      | Found Ukhur's Armour Shoppe.
  1885 | D:3      | Noticed an ogre
  1886 | D:3      | Noticed an ogre
  1886 | D:3      | Noticed Pi314's ghost (amateur KoBr)
  1888 | D:3      | Found a transporter.
  2265 | D:4      | Noticed Eustachio
  2266 | D:4      | Noticed a scorpion
  2292 | D:4      | Noticed an ogre
  2298 | D:4      | Killed an ogre
  2299 | D:4      | Reached skill level 4 in Shapeshifting
  2299 | D:4      | Reached XP level 5. HP: 34/34 MP: 5/5
  2315 | D:4      | Reached XP level 6. HP: 33/39 MP: 6/6
  2673 | D:4      | Killed Eustachio
  2674 | D:4      | Reached skill level 5 in Shapeshifting
  2748 | D:4      | Found an ancient bone altar of Kikubaaqudgha.
  3139 | D:4      | Reached XP level 7. HP: 45/45 MP: 7/7
  3238 | D:5      | Entered Level 5 of the Dungeon
  3303 | D:5      | Found a staircase to the Ecumenical Temple.
  3576 | D:5      | Reached skill level 5 in Unarmed Combat
  3736 | D:5      | Found a shimmering altar of Xom.
  3736 | D:5      | Noticed an angel
  3739 | D:5      | Found a glowing silver altar of Zin.
  3984 | Temple   | Entered the Ecumenical Temple
  3997 | Temple   | Became a worshipper of the Wu Jian Council
  4058 | D:3      | Found a transporter.
  4070 | D:3      | Reached skill level 6 in Shapeshifting
  4070 | D:3      | Reached XP level 8. HP: 45/50 MP: 8/8
  4077 | D:3      | Killed Pi314's ghost
  4080 | D:3      | Reached skill level 5 in Dodging
  4417 | D:6      | Reached skill level 7 in Shapeshifting
  4471 | D:6      | Noticed WhatIsLove's ghost (novice DjVM)
  4481 | D:6      | Found a runed translucent door.
  4761 | D:6      | Reached XP level 9. HP: 24/54 MP: 9/9
  4954 | D:6      | Reached * piety under Wu Jian
  5032 | D:6      | Reached skill level 8 in Shapeshifting
  5111 | D:6      | Noticed Prince Ribbit
  5130 | D:6      | Killed Prince Ribbit
  5398 | D:6      | Killed WhatIsLove's ghost
  5648 | D:7      | Reached skill level 9 in Shapeshifting
  5843 | D:7      | Found Neadghea's Antique Armour Emporium.
  5920 | D:7      | Found Ivvaiteh's Weapon Shoppe.
  5985 | D:7      | Found a sand-covered staircase.
  5995 | Ossuary  | Entered an ossuary
  6015 | Ossuary  | Reached XP level 10. HP: 54/60 MP: 10/10
  6028 | Ossuary  | Reached ** piety under Wu Jian
  6404 | D:7      | Found Jaxel's Jewellery Shoppe.
  6627 | D:7      | Found Esetzaclam's Jewellery Shoppe.
  6930 | D:7      | Found Huqowugo's Magic Scroll Emporium.
  6936 | D:7      | Bought a scroll of identify for 26 gold pieces
  6936 | D:7      | Bought a scroll of identify for 26 gold pieces
  6936 | D:7      | Bought a scroll of identify for 26 gold pieces
  6936 | D:7      | Bought a scroll of identify for 26 gold pieces
  7380 | D:7      | Reached skill level 10 in Shapeshifting
  7788 | D:8      | Found a shadowy altar of Dithmenos.
  7825 | D:8      | Learned a level 2 spell: Wereblood
  7852 | D:8      | Noticed an unseen horror
  7863 | D:8      | Killed an unseen horror
  8083 | D:8      | Reached skill level 1 in Transmutations
  8090 | D:8      | Reached skill level 1 in Spellcasting
  8126 | D:8      | Reached *** piety under Wu Jian
  8156 | D:8      | Reached XP level 11. HP: 21/67 MP: 12/14
  8406 | D:8      | Found a staircase to the Lair.
  8832 | D:8      | Found a snail-covered altar of Cheibriados.
  8871 | D:8      | Found a broken altar of Ashenzari.
  8933 | D:8      | You fall into a shaft and drop 3 floors!
  8992 | D:11     | Noticed a manticore
  9007 | D:11     | Killed a manticore
  9170 | D:10     | Entered Level 10 of the Dungeon
  9170 | D:10     | Found a portal to a secret trove of treasure.
  9415 | D:10     | Reached skill level 11 in Shapeshifting
  9510 | D:9      | Noticed Erolcha
  9518 | D:9      | Killed Erolcha
  9519 | D:9      | Reached skill level 5 in Fighting
  9949 | D:9      | Noticed Grum
  9958 | D:9      | Killed Grum
  9961 | D:9      | Reached **** piety under Wu Jian
 10110 | D:9      | Reached skill level 10 in Unarmed Combat
 10331 | D:9      | Noticed Psyche
 10340 | D:9      | Killed Psyche
 11085 | D:10     | Found a transporter.
 11092 | D:10     | Found a transporter.
 11136 | D:10     | Found a broken altar of Ashenzari.
 11228 | D:10     | Found a one-way gate to the infinite horrors of the Abyss.
 11228 | D:10     | Noticed gruber's ghost (journeyman DgCj)
 11242 | D:10     | Noticed a worldbinder
 11261 | D:10     | Noticed a sixfirhy
 11484 | Lair:1   | Entered Level 1 of the Lair of Beasts
 11508 | Lair:1   | Reached skill level 12 in Shapeshifting
 11567 | Lair:1   | Reached XP level 12. HP: 76/77 MP: 15/15
 12404 | Lair:1   | You fall into a shaft and drop 1 floor!
 12404 | Lair:2   | Found an opulent altar of Gozag.
 12509 | Lair:2   | Reached skill level 13 in Shapeshifting
 12623 | Lair:2   | Found a dark tunnel.
 12638 | Volcano  | Entered a volcano
 12772 | Volcano  | Reached ***** piety under Wu Jian
 12992 | Volcano  | Noticed a stone giant
 13267 | Volcano  | Found a burning altar of Makhleb.
 13984 | Volcano  | Killed a stone giant
 13985 | Volcano  | Reached skill level 14 in Shapeshifting
 14200 | Lair:2   | Found a staircase to the Shoals.
 14205 | Lair:2   | Noticed a seven-headed hydra
 14636 | D:1      | Bought a scroll labelled CIOGAP ONTYBA for 26 gold pieces
 14718 | D:1      | Bought a serpent talisman for 520 gold pieces
 15054 | Lair:2   | Noticed a skyshark
 15079 | Lair:2   | Killed a skyshark
 15439 | Lair:2   | Killed a seven-headed hydra
 15440 | Lair:2   | Reached XP level 13. HP: 32/83 MP: 16/16
 16246 | Lair:3   | Found a staircase to the Snake Pit.
 16863 | Lair:3   | Found a runed translucent door.
 18502 | Lair:4   | HP: 4/103 [elephant (10)]
 18514 | Lair:4   | HP: 5/103 [elephant (5)]
 18956 | Lair:4   | Reached skill level 15 in Shapeshifting
 19002 | Lair:3   | HP: 5/103 [death yak (8)]
 20661 | Lair:3   | HP: 3/104 [death yak (16)]
 20662 | Lair:3   | Slain by a death yak

Illustrated notes

Levels and vault maps discovered:
D:1:      onia_arrival_mini_spirals, layout_basic, serial_shops, shop,
          nicolae_shop_gaudy_bauble, nicolae_shop_peninsula, shop,
          hellmonk_ecumenical_altar_zigzags
D:2:      minmay_alternating_diamond, layout_rooms, serial_glass,
          glass_columns_c, glass_columns_a, glass_columns_a, glass_columns_a,
          serial_shops, nicolae_shop_behind_doors
D:3:      layout_loops_corners, gammafunk_ghost_smash
D:4:      layout_gridville, mainiacjoe_overflow_surrounded_room, uniq_eustachio
D:5:      layout_rooms, grunt_temple_overflow_order_and_chaos_1,
          minmay_temple_entry_junction, amcnicky_mini_corridor_feature,
          uniq_crazy_yiuf_cottage
D:6:      layout_rooms, hellmonk_ghost_happy_afterlife, serial_undead,
          serial_undead_b, serial_undead_a, serial_undead_a, serial_undead_e,
          minmay_chambers_of_fives, uniq_prince_ribbit1
D:7:      layout_loops_cross, enter_ossuary_1, serial_shops, shop,
          nicolae_inconvenience_store, shop, shop, nicolae_diamond_shop,
          serial_glass, glass_columns_b, glass_columns_a, abandoned_shop
D:8:      layout_gridville, grunt_dithmenos_smoke_and_mirrors,
          cheibriados_altar_1, erik_lair_island,
          nicolae_concentric_dashed_squares_mild, minmay_misc_feat_room,
          minmay_ruined_shrine
D:9:      layout_loops_ring, uniq_psyche, uniq_erolcha, uniq_grum
D:10:     layout_roguey, mainiacjoe_overflow_24_doors,
          gammafunk_ghost_abyssal_escape, nicolae_trove_entry_isolated
D:11:     layout_roguey, nicolae_lava_and_water
Temple:   nicolae_temple_superstar
Lair:1:   layout_small_grid
Lair:2:   layout_long_grid, nicolae_shoals_entry_flooding, basic_altar,
          enter_volcano_1, nicolae_quartered_pool_super,
          minmay_lair_oklob_items, chequers_serial_rivers_micro_e,
          chequers_serial_rivers_large_b
Lair:3:   gammafunk_lair_enchanted_lake, layout_layer_cave,
          minmay_snake_entry_six_corridors
Lair:4:   layout_regular_city, minmay_slime_entry_pillars, nicolae_lair_lil_pond

Skill      XL: |  1  2  3  4  5  6  7  8  9 10 11 12 13 |
---------------+----------------------------------------+-----
Fighting       | 2 3 5 6 7 |  7.6
Dodging        | 3 4 5 7 8 9 |  9.8
Unarmed Combat | 4 5 6 7 8 10 11 | 11.4
Shapeshifting  | 4 5 6 7 9 10 12 14 15 | 15.3
Transmutations | 2 4 |  4.0
Spellcasting   | 2 |  2.0

Action                     |  1- 3 |  4- 6 |  7- 9 | 10-12 | 13-15 || total
---------------------------+-------+-------+-------+-------+-------++-------
  Melee: Unarmed           |    78 |    84 |   266 |   740 |   367 ||  1535
         Constrict         |    16 |    23 |    56 |   119 |    52 ||   266
         Tentacles         |    15 |    18 |    71 |   244 |       ||   348
         Punch             |     1 |     4 |     3 |       |       ||     8
  Throw: Javelin           |       |       |     1 |       |       ||     1
         Boomerang         |       |       |       |    22 |       ||    22
Ability: Lunge             |       |       |    15 |    29 |     6 ||    50
         Whirlwind         |       |       |       |    10 |    62 ||    72
  Evoke: Wand              |       |     4 |       |       |       ||     4
    Use: Scroll            |       |       |    11 |    14 |     2 ||    27
         Potion            |       |       |       |    10 |     4 ||    14
   Stab: Sleeping          |    10 |     4 |     4 |       |       ||    18
 Armour: Skin              |    19 |    29 |    95 |   297 |   343 ||   783
  Dodge: Dodged            |    43 |    38 |   132 |   505 |   252 ||   970
   Form: Flux              |       |       |     1 |     1 |       ||     2
         Beast             |       |       |       |     1 |       ||     1
         Anaconda          |       |       |       |     1 |       ||     1

Table legend: (Time is in decaauts)
 A = Elapsed time spent in this place.
 B = Non-inter-level travel time spent in this place.
 C = Inter-level travel time spent in this place.
 D = Time resting spent in this place.
 E = Time spent auto-exploring this place.
 F = Levels seen in this place.
 G = Mean time per level.
                   A        B        C        D        E       F      G
               +--------+--------+--------+--------+--------+-----+--------+
         Total |  20481 |  19506 |    975 |   6661 |   8879 |  18 | 1137.8 |
       Dungeon |  11444 |  10707 |    737 |   2469 |   6022 |  11 | 1040.4 |
        Temple |     26 |     13 |     13 |      0 |      0 |   1 |   26.0 |
          Lair |   7228 |   7004 |    224 |   3093 |   2604 |   4 | 1807.0 |
       Ossuary |    261 |    261 |      0 |      0 |    165 |   1 |  261.0 |
       Volcano |   1521 |   1521 |      0 |   1098 |     88 |   1 | 1521.0 |
               +--------+--------+--------+--------+--------+-----+--------+

Top non-repeatable levels by time:
  Lair:3: 3797 daAuts
  Lair:2: 2046 daAuts
     D:8: 1673 daAuts
 Volcano: 1521 daAuts
     D:6: 1411 daAuts
     D:7: 1400 daAuts
     D:9: 1347 daAuts
     D:3: 993 daAuts
  Lair:1: 987 daAuts
     D:4: 983 daAuts
     D:5: 933 daAuts
    D:10: 900 daAuts
     D:1: 831 daAuts
     D:2: 735 daAuts
  Lair:4: 396 daAuts
